 Dungeon Crawl Stone Soup version 0.24-a0-630-g0d56a851f4 (webtiles) character file.

Game seed: 18184904010542912786, levelgen mode: deterministic

21265 Jorund the Martial Artist (level 12, -4/90 HPs)
             Began as an Octopode Transmuter on Sept 18, 2019.
             Was an Elder of Sif Muna.
             Slain by an orc warrior
             ... wielding a +0 flail
              (20 damage)
             ... on level 1 of the Orcish Mines.
             The game lasted 00:44:43 (18181 turns).

Jorund the Martial Artist (Octopode Transmuter)    Turns: 18181, Time: 00:44:43

Health: -4/90      AC:  8    Str: 15    XL:     12   Next: 88%
Magic:  31/34      EV: 11    Int: 19    God:    Sif Muna [****..]
Gold:   295        SH:  0    Dex: 17    Spells: 13/30 levels left

rFire    x x .     SeeInvis +     - Unarmed
rCold    + + +     Gourm    .   (shield currently unavailable)
rNeg     + . .     Faith    .   (helmet currently unavailable)
rPois    +         Spirit   .   h - amulet of rage
rElec    .         Reflect  .   b - ring of poison resistance
rCorr    .         Harm     .   e - ring of magical power
MR       ++...     Clarity  +   j - ring of protection from magic
Stlth    ++........             o - ring of see invisible
HPRegen  0.00/turn              y - ring of positive energy
MPRegen  0.24/turn              C - +6 ring of strength
                                t - +3 ring of dexterity
                                F - ring of ice

@: ice-form, very slightly contaminated
A: large, almost no armour, stealthy swim, amphibious, 8 rings, (constrict 8),
clarity, magic resistance 1, inhibited regeneration
a: End Transformation, Channel Magic, Forget Spell, Divine Exegesis, Renounce
Religion, Evoke Berserk Rage


You were on level 1 of the Orcish Mines.
You worshipped Sif Muna.
Sif Muna was greatly pleased with you.
You were hungry.
You were a creature of crystalline ice.
You visited 3 branches of the dungeon, and saw 16 of its levels.
You also visited: Ice Cave.

You collected 700 gold pieces.
You spent 405 gold pieces at shops.

Inventory:

Missiles
 a - 259 arrows
 g - 12 javelins (quivered)
Armour
 s - a +2 hat (melded)
 B - a +0 buckler (melded)
Magical Staves
 D - a cursed staff of power {unknown}
 K - an uncursed staff of energy {unknown}
Jewellery
 b - a ring of poison resistance (left front paw)
 e - a ring of magical power (right front paw)
 h - an amulet of rage (around neck)
 j - a ring of protection from magic (on tentacle)
 o - a ring of see invisible (on tentacle)
 t - a +3 ring of dexterity (on tentacle)
 y - a ring of positive energy (on tentacle)
 C - a +6 ring of strength (on tentacle)
 F - a ring of ice (on tentacle)
Wands
 q - a wand of polymorph (21)
 v - a wand of disintegration (11)
 z - a wand of enslavement (6)
 A - a wand of random effects (15)
 G - a wand of scattershot (7)
 I - a wand of digging (5)
 J - a wand of paralysis (10)
Scrolls
 d - 6 scrolls of remove curse
 i - 4 scrolls of teleportation
 k - 3 scrolls of immolation
 r - 3 scrolls of enchant armour
 x - a scroll of silence
 E - a scroll of fear
 H - 3 scrolls of amnesia
 L - 2 scrolls of fog {unknown}
Potions
 f - a potion of magic
 l - 2 potions of haste
 m - a potion of brilliance
 n - 2 potions of flight
 p - 3 potions of curing
 u - 2 potions of lignification
 w - a potion of invisibility
 M - a potion of agility
Comestibles
 c - 36 rations


   Skills:
 + Level 4.7 Fighting
 + Level 3.0 Dodging
 - Level 4.0 Shields
 + Level 12.9 Unarmed Combat
 + Level 9.9 Spellcasting
 + Level 9.7 Transmutations
 - Level 3.0 Ice Magic
 + Level 5.5 Evocations


You had 13 spell levels left.
You knew the following spells:

 Your Spells              Type           Power        Failure   Level  Hunger
a - Beastly Appendage     Tmut           #####.       1%          1    None
b - Sticks to Snakes      Tmut           #####...     1%          2    None
c - Spider Form           Tmut/Pois      ####......   3%          3    None
d - Passwall              Tmut/Erth      ####....     1%          2    None
e - Ice Form              Ice/Tmut       ######..     5%          4    ###....
f - Blade Hands           Tmut           #####.....   3%          5    #####..

Your spell library contained the following spells:

 Spells                   Type           Power        Failure   Level  Hunger
 Sandblast                Erth           #.....       8%          1    None
 Summon Butterflies       Summ           #.......     8%          1    None
 Petrify                  Tmut/Erth      ####....     10%         4    ###....
 Stone Arrow              Conj/Erth      #.....       22%         3    None
 Lee's Rapid Deconstruct  Erth           #.........   91%         5    #####..


Dungeon Overview and Level Annotations

Branches:
Dungeon (11/15)            Temple (0/1) D:6            Lair (4/6) D:8
  Swamp (0/4) Lair:4          Orc (1/2) D:10          IceCv (visited)
  Snake: Lair:2-4    Spider: Lair:2-4

Altars:
Cheibriados
Dithmenos
Elyvilon
Fedhas
Makhleb
Okawaru
Ru
Sif Muna
Trog
Vehumet
Wu Jian
Xom
The Shining One
Beogh

Shops:
D:8 ((}   D:10 *}%

Annotations:
D:8 3 runed translucent doors, PeterQ's ghost, novice TrHu


Innate Abilities, Weirdness & Mutations

You cannot wear most types of armour.
You are very stealthy in the water. (Stealth+)
You are amphibious.
You can wear up to eight rings at the same time.
((You can use your tentacles to constrict eight enemies at once.))
((Your skin changes colour to match your surroundings (Stealth+).))
((Your rubbery body absorbs attacks. (AC +1, EV +1)))
((You have a pair of small antennae on your head.))
You possess an exceptional clarity of mind.
You are resistant to hostile enchantments. (MR+)
You do not regenerate when monsters are visible.


Message History

Unknown command.
You hit the orc. You freeze the orc.
You kill the orc!
Sif Muna accepts your kill.
You can now call upon Sif Muna to cast any spell from your library.
The orc warrior hits you with a +0 flail.
* * * LOW HITPOINT WARNING * * *
Unknown command.
You feel better.
The orc warrior hits you with a +0 flail.
* * * LOW HITPOINT WARNING * * *
You barely miss the orc warrior. You punch the orc warrior!
You freeze the orc warrior.
The orc warrior is severely wounded.
The orc warrior hits you with a +0 flail!
* * * LOW HITPOINT WARNING * * *
Unknown command.
You feel better.
The orc warrior hits you with a +0 flail!!
You die...

$.........
......#..### ..
...........## ...
............##...
................#
....#..........##
......)..#......#
.......))).....##
....>..)Yo.......
.................
.................
...........$#.$..
...........#....o
..........#.....o
$......##.##.##.#
.....# ... ##


You could see an orc warrior.

Vanquished Creatures
  2 hydras
  Urug (Lair:1)
  A necromancer (IceCv)
  5 elephants (Lair:3)
  3 ice statues (IceCv)
  9 spiny frogs
  A komodo dragon (D:8)
  7 ice devils (IceCv)
  2 trolls (D:10)
  2 polar bears (D:10)
  2 hornets
  2 bog bodies (Lair:4)
  4 blink frogs (Lair:1)
  5 hippogriffs
  A spriggan (D:7)
  A wyvern (Lair:3)
  12 yaks
  Eustachio (D:6)
  Edmund (D:5)
  5 water moccasins
  An ice beast (D:5)
  5 orc warriors
  3 sky beasts
  5 porcupines
  6 ogres
  5 wolves (Lair:3)
  A necrophage (D:7)
  3 phantoms
  3 centaurs
  4 crocodiles (Lair:1)
  A big kobold (D:10)
  6 bullfrogs
  A wyvern zombie (D:10)
  2 scorpions (D:4)
  5 wights (D:9)
  2 jellies
  2 howler monkeys (D:5)
  2 crimson imps
  6 orc priests
  A centaur zombie (D:10)
  2 draconian simulacra (IceCv)
  5 hounds
  14 orc wizards
  A bullfrog skeleton (D:10)
  Ijyb (D:4)
  7 worker ants
  A spriggan simulacrum (IceCv)
  A troll simulacrum (IceCv)
  A centaur simulacrum (IceCv)
  A hound skeleton (D:7)
  3 worker ant zombies
  8 adders
  2 ogre simulacra (IceCv)
  3 naga simulacra (IceCv)
  A shadow imp (D:8)
  2 adder skeletons
  2 worms
  5 dart slugs
  3 leopard geckos
  43 orcs
  7 bats
  7 giant cockroaches
  8 hobgoblins
  10 jackals
  A quokka (D:6)
  2 frilled lizards (D:2)
  5 goblins
  13 kobolds
  A quokka skeleton (D:5)
  A quokka zombie (D:5)
  8 rats
300 creatures vanquished.

Vanquished Creatures (others)
  A fungus (Lair:2)
  3 plants
4 creatures vanquished.

Grand Total: 304 creatures vanquished

Notes
Turn   | Place    | Note
-------+----------+-------------------------------------------
     0 | D:1      | Jorund the Octopode Transmuter began the quest for the Orb.
     0 | D:1      | Reached XP level 1. HP: 13/13 MP: 3/3
   160 | D:1      | Reached XP level 2. HP: 15/18 MP: 3/5
   659 | D:2      | Reached XP level 3. HP: 23/23 MP: 4/6
  1073 | D:2      | Found a blossoming altar of Fedhas.
  1126 | D:2      | Reached XP level 4. HP: 25/28 MP: 7/7
  1212 | D:2      | Reached skill level 4 in Unarmed Combat
  1757 | D:3      | Learned a level 2 spell: Sticks to Snakes
  1761 | D:3      | Learned a level 3 spell: Spider Form
  1988 | D:3      | Found a snail-covered altar of Cheibriados.
  2187 | D:3      | Found a glowing golden altar of the Shining One.
  2187 | D:3      | Found a shadowy altar of Dithmenos.
  2187 | D:3      | Found a white marble altar of Elyvilon.
  2357 | D:4      | Reached XP level 5. HP: 30/33 MP: 9/9
  2379 | D:4      | Reached skill level 5 in Unarmed Combat
  2584 | D:4      | Reached XP level 6. HP: 33/38 MP: 10/10
  2689 | D:4      | Noticed Ijyb
  2704 | D:4      | Killed Ijyb
  3205 | D:5      | Entered Level 5 of the Dungeon
  3259 | D:5      | Noticed a water moccasin
  3260 | D:5      | Reached skill level 6 in Unarmed Combat
  3260 | D:5      | Reached XP level 7. HP: 39/44 MP: 12/12
  3494 | D:5      | Noticed Edmund
  3930 | D:5      | Killed Edmund
  4005 | D:5      | Reached skill level 7 in Unarmed Combat
  4221 | D:5      | Reached XP level 8. HP: 47/51 MP: 13/13
  4452 | D:6      | Found a burning altar of Makhleb.
  4488 | D:6      | Noticed Eustachio
  4505 | D:6      | Killed Eustachio
  4674 | D:6      | Reached skill level 8 in Unarmed Combat
  4677 | D:6      | Found a shimmering blue altar of Sif Muna.
  4686 | D:6      | Reached skill level 1 in Evocations
  4910 | D:6      | Became a worshipper of Sif Muna the Loreminder
  5033 | D:6      | Noticed a hippogriff
  5267 | D:6      | Identified Sif Muna's Reference Book on Companions
  5519 | D:6      | Killed a hippogriff
  5552 | D:6      | Learned a level 2 spell: Passwall
  5609 | D:6      | Reached XP level 9. HP: 56/56 MP: 16/16
  5745 | D:6      | Reached skill level 9 in Unarmed Combat
  5877 | D:6      | Found a staircase to the Ecumenical Temple.
  6160 | D:6      | Gained mutation: You do not regenerate when monsters are
                  | visible. [potion of mutation]
  6160 | D:6      | Gained mutation: You have a pair of small antennae on your
                  | head. [potion of mutation]
  6160 | D:6      | Gained mutation: You possess an exceptional clarity of
                  | mind. [potion of mutation]
  6160 | D:6      | Gained mutation: You are resistant to hostile enchantments.
                  | (MR+) [potion of mutation]
  6181 | D:7      | Noticed a hornet
  6195 | D:7      | Killed a hornet
  6258 | D:7      | Reached skill level 5 in Spellcasting
  6258 | D:7      | Reached skill level 5 in Transmutations
  6603 | D:7      | Found a sacrificial altar of Ru.
  6899 | D:7      | Reached * piety under Sif Muna
  6899 | D:7      | Reached skill level 10 in Unarmed Combat
  7278 | D:7      | Found a burning altar of Makhleb.
  7717 | D:8      | Found a runed translucent gate.
  7718 | D:8      | Found a runed translucent gate.
  7718 | D:8      | Found a runed translucent gate.
  7727 | D:8      | Noticed PeterQ's ghost (novice TrHu)
  7751 | D:8      | Found Visuunol's Antique Weapon Shoppe.
  8042 | D:8      | Found Gobraduv's Gadget Emporium.
  8047 | D:8      | Bought a wand of acid (11) for 360 gold pieces
  8496 | D:8      | Found Wujapliu's Antique Weapon Emporium.
  8659 | D:8      | Found a staircase to the Lair.
  8660 | D:8      | Noticed a komodo dragon
  8695 | D:8      | Killed a komodo dragon
  8695 | D:8      | Reached XP level 10. HP: 63/64 MP: 18/18
  8715 | D:8      | Found an iron altar of Okawaru.
  9017 | D:9      | Reached skill level 11 in Unarmed Combat
  9056 | D:9      | Found an ornate altar of the Wu Jian Council.
  9202 | D:9      | Found a radiant altar of Vehumet.
  9237 | D:9      | Learned a level 4 spell: Ice Form
  9561 | D:9      | Reached skill level 1 in Shields
  9581 | D:9      | Found a shimmering altar of Xom.
  9682 | D:9      | Found a bloodstained altar of Trog.
  9916 | D:10     | Entered Level 10 of the Dungeon
 10044 | D:10     | Reached ** piety under Sif Muna
 10283 | D:10     | Found a bloodstained altar of Trog.
 10511 | D:10     | Found a staircase to the Orcish Mines.
 10664 | D:10     | Found a roughly hewn altar of Beogh.
 10791 | D:10     | Found Zaxt's Gadget Shoppe.
 10821 | D:10     | Found Cexuf's Food Shoppe.
 10872 | D:10     | Found Fassoys's General Store.
 10888 | D:10     | Reached XP level 11. HP: 64/69 MP: 22/22
 11039 | D:10     | Bought a scroll of fear for 45 gold pieces
 11325 | D:11     | Noticed a cyclops
 11418 | Lair:1   | Entered Level 1 of the Lair of Beasts
 11434 | Lair:1   | Reached skill level 1 in Ice Magic
 11855 | Lair:1   | Reached *** piety under Sif Muna
 12090 | Lair:1   | Noticed a seven-headed hydra
 12096 | Lair:1   | Killed a seven-headed hydra
 12747 | Lair:1   | Noticed Urug
 12760 | Lair:1   | Killed Urug
 13078 | Lair:2   | Reached skill level 5 in Evocations
 13284 | Lair:2   | Noticed a six-headed hydra
 13826 | Lair:2   | Killed a six-headed hydra
 13826 | Lair:2   | Reached XP level 12. HP: 9/75 MP: 25/25
 14913 | Lair:3   | Found a frozen archway.
 14940 | IceCv    | Entered an ice cave
 15748 | IceCv    | Reached skill level 12 in Unarmed Combat
 16116 | IceCv    | Found the +15 Maxwell's patent armour {-Cast -Tele rElec
                  | MR+ rCorr}
 16261 | IceCv    | Learned a level 5 spell: Blade Hands
 17264 | Lair:4   | Noticed a catoblepas
 17428 | Lair:4   | Found a staircase to the Swamp.
 17698 | Lair:4   | Noticed a four-headed hydra
 18153 | Orc:1    | Entered Level 1 of the Orcish Mines
 18177 | Orc:1    | Reached **** piety under Sif Muna
 18181 | Orc:1    | Slain by an orc warrior

Levels and vault maps discovered:
D:1:      nicolae_arrival_somewhat_less_tricky_arrival, layout_basic
D:2:      layout_loops_ring, lemuel_round_altar, minmay_pentomino_pile
D:3:      layout_basic, lemuel_doored_altar, gammafunk_temple_overflow_forgotten
D:4:      layout_loops_ring, first_ration, uniq_ijyb
D:5:      layout_rooms, uniq_edmund
D:6:      layout_basic, led_sif_book, minmay_temple_entry_overgrown,
          basic_altar, uniq_eustachio
D:7:      layout_rooms, makhleb_blood_cavern_becter,
          nicolae_overflow_hidden_temple, the_bakery,
          chequers_serial_rivers_micro_d
D:8:      layout_basic, okawaru_metal_pillars_3, david_lair_shrubbed,
          gammafunk_ghost_spectres, serial_shops, shop_statue,
          kennysheep_little_box, shop
D:9:      layout_irregular_city, marbit_many_paths,
          nicolae_overflow_crystal_walls, grunt_temple_overflow_open,
          fountainhead, nrook_loot_triangle
D:10:     layout_small_grid, minmay_orc_entry_temple_small, serial_shops, shop,
          nicolae_shop_waterfront, nicolae_shop_trees, trog_ov_bears_minmay
D:11:     layout_grid_maze, kennysheep_another_room, hangedman_decor_opposing
Lair:1:   layout_roguey, serial_bayou_shore_b, grunt_megastairs_2,
          infiniplex_staircase_pool, lemuel_fruit_tree, uniq_urug
Lair:2:   layout_cave_pods, serial_bayou_lagoon_a
Lair:3:   layout_roguey, portal_ice_cave_entry_pillars_1
Lair:4:   layout_gridlike, skrybe_swamp_entry_bodies, spider_nest_entry_rubble,
          beast_lair_carwin_6
Orc:1:    layout_caves, lightli_church_of_beogh

Skill      XL: |  1  2  3  4  5  6  7  8  9 10 11 12 |
---------------+-------------------------------------+-----
Unarmed Combat | 4 5 6 7 8 10 11 12 | 12.9
Spellcasting   | 3 4 5 7 9 |  9.9
Transmutations | 3 4 5 7 8 9 |  9.7
Fighting       | 2 3 4 |  4.7
Evocations     | 1 2 5 |  5.5
Shields        | 3 4 |  4.0
Ice Magic      | 3 |  3.0
Dodging        | 3 |  3.0

Action                   |  1- 3 |  4- 6 |  7- 9 | 10-12 || total
-------------------------+-------+-------+-------+-------++-------
Melee: Unarmed           |    68 |   106 |   269 |   469 ||   912
       Constrict         |    19 |    22 |    33 |    10 ||    84
       Tentacles         |     9 |    10 |    20 |    15 ||    54
       Kick              |     8 |     4 |    18 |     7 ||    37
       Punch             |     3 |     1 |     6 |     7 ||    17
Throw: Dart              |     5 |     1 |    11 |     3 ||    20
       Javelin           |     1 |       |    12 |    12 ||    25
 Cast: Beastly Appendage |     9 |     7 |    11 |     9 ||    36
       Spider Form       |       |     5 |    17 |    18 ||    40
       Ice Form          |       |       |       |    29 ||    29
       Blade Hands       |       |       |       |     3 ||     3
Evoke: Wand              |       |       |     5 |    45 ||    50
  Use: Scroll            |     2 |     6 |     7 |     8 ||    23
       Potion            |       |       |     3 |     7 ||    10
 Stab: Sleeping          |     7 |     5 |     3 |     5 ||    20
  Eat: Chunk             |     1 |     2 |    13 |    19 ||    35
       Ration            |       |     2 |     1 |     4 ||     7
Armor: Skin              |     6 |     4 |    13 |    81 ||   104
Dodge: Dodged            |    47 |    62 |   134 |   215 ||   458
Block: Buckler           |       |       |       |     7 ||     7

Table legend:
 A = Non-vault XP
 B = Vault XP
 C = Vault XP percentage of total XP
 D = Non-vault monster count
 E = Vault monster count
 F = Vault count percentage of total count
                 A         B        C        D         E       F
            +---------+---------+-------+---------+---------+-------
      Total |   22094 |    8285 |  27.3 |     255 |      45 |  15.0
            +---------+---------+-------+---------+---------+-------
        D:1 |      34 |       0 |   0.0 |      20 |       0 |   0.0
        D:2 |      55 |       5 |   8.3 |      17 |       3 |  15.0
        D:3 |      65 |       0 |   0.0 |      21 |       0 |   0.0
        D:4 |     281 |      36 |  11.4 |      12 |       1 |   7.7
        D:5 |     823 |     171 |  17.2 |      18 |       1 |   5.3
        D:6 |     800 |     263 |  24.7 |      20 |       3 |  13.0
        D:7 |    1092 |     360 |  24.8 |      15 |       3 |  16.7
        D:8 |     580 |     361 |  38.4 |      16 |       1 |   5.9
        D:9 |    1150 |     118 |   9.3 |      20 |       1 |   4.8
       D:10 |    2644 |     825 |  23.8 |      36 |       7 |  16.3
       D:11 |     122 |       0 |   0.0 |       1 |       0 |   0.0
     Lair:1 |    5534 |    1004 |  15.4 |      23 |       2 |   8.0
     Lair:2 |    3031 |       0 |   0.0 |      10 |       0 |   0.0
     Lair:3 |    4819 |       0 |   0.0 |      17 |       0 |   0.0
     Lair:4 |     844 |     503 |  37.3 |       2 |       2 |  50.0
      Orc:1 |     220 |       0 |   0.0 |       7 |       0 |   0.0
      IceCv |       0 |    4639 | 100.0 |       0 |      21 | 100.0
            +---------+---------+-------+---------+---------+-------
